AoeStats
← BadLadyBoy

Migration

510081133Analyzed
1v1 RM · 3d ago on Sep 29, 2026· 55m 6s· 2 players
Game mode
Random Map
Map size
132×132
Population
200
Speed
Normal
Resources
Standard
Victory
Conquest
Starting age
Dark Age
Ending age
Imperial Age
RankedLock teamsTeams togetherTeam positionsShared explorationLock speedFull tech treeHidden civsTurbo modeCheats
Victory
Defeat
🇩🇪 Chinese · Germany
608
+13
🇺🇸 Aztecs · United States
546
-25
BadLadyBoy
15:18 Feudal Age
28:34 Castle Age
33:14 Careening
33:04 Heated Shot
33:44 Clinker Construction
33:56 Guard Tower
34:43 Fletching
35:18 Medium Warships
46:07 Bodkin Arrow
murcielagoschack
0:29 Loom
10:40 Feudal Age
11:45 Town Watch
13:56 Double-Bit Axe
22:08 Castle Age
20:11 Stone Mining
20:19 Gold Mining
20:55 Fletching
21:43 Wheelbarrow
21:26 Horse Collar
22:33 Fishing Lines
23:48 Town Patrol
24:02 Bow Saw
26:25 Bodkin Arrow
27:26 Bloodlines
27:38 Husbandry
28:59 Forging
28:51 Scale Mail Armor
28:57 Scale Barding Armor
28:57 Padded Archer Armor
28:22 Light Cavalry
33:45 Imperial Age
31:33 Medium Warships
30:44 Demolition Ship
32:46 Iron Casting
33:12 Hand Cart
34:39 Squires
34:26 Arson
36:02 Chemistry
35:08 Siphons
36:06 Conscription
36:06 Bracer
36:05 Murder Holes
36:37 Ballistics
37:35 Masonry
38:48 Blast Furnace
38:04 Chain Mail Armor
38:09 Chain Barding Armor
37:55 Heavy Demolition Ship
40:01 Cavalier
48:23 Elite Chu Ko Nu
56:15 Plate Mail Armor
56:01 Leather Archer Armor
Connection lost

Rejoining the realm…

Still unreachable

The connection could not be restored.

Session expired

The server has moved on; the page needs a fresh start.